 Dungeon Crawl Stone Soup version 0.29.1-15-g9cfb28693d (webtiles) character file.

Game seed: 15576584400365978620

2764 Mickster the Covered (level 9, 0/77 HPs)
             Began as a Hill Orc Berserker on May 8, 2023.
             Was a Priest of Trog.
             Succumbed to a water moccasin's poison
             ... on level 7 of the Dungeon.
             The game lasted 00:51:27 (5681 turns).

Mickster the Covered (Hill Orc Berserker)           Turns: 5681, Time: 00:51:27

Health: 0/77       AC: 15    Str: 24    XL:     9   Next: 69%
Magic:  3/9        EV:  8    Int:  7    God:    Trog [***...]
Gold:   368        SH:  0    Dex: 10    Spells: 8/8 levels left

rFire   . . .      SeeInvis .   b - +0 quarterstaff (spect)
rCold   . . .      Faith    .   (shield currently unavailable)
rNeg    . . .      Spirit   +   s - +0 plate armour
rPois   .          Reflect  .   l - +1 helmet
rElec   .          Harm     .   (no cloak)
rCorr   .          Rampage  .   (no gloves)
Will    +++..                   (no boots)
Stlth   ..........              h - amulet of guardian spirit
HPRegen 1.22/turn               g - ring of flight
MPRegen 0.11/turn               y - ring of willpower

@: lethally poisoned (0 -> -5), strong-willed (expiring), on berserk cooldown,
flying, regenerating (expiring), slowed, very slow
A: no striking features
a: Renounce Religion, Berserk, Trog's Hand


You were on level 7 of the Dungeon.
You worshipped Trog.
Trog was most pleased with you.
You visited 1 branch of the dungeon, and saw 7 of its levels.

You collected 368 gold pieces.

Inventory:

Hand Weapons
 a - a +0 hand axe
 b - a +0 spectral quarterstaff (weapon)
 i - a +0 short sword of speed
 m - a +5 hand axe
 w - a +1 flail of draining
 C - a +1 vorpal hand axe
 E - a +2 short sword of electrocution
Missiles
 d - 81 stones
 o - 7 silver javelins (quivered)
 v - 6 boomerangs
 D - 6 poisoned darts
 G - 3 throwing nets
Armour
 l - a +1 helmet (worn)
 q - a +0 leather armour
 s - a +0 plate armour (worn)
 B - the +1 scale mail of Uskayaw's Generosity {rF+ rCorr}
   (You found it on level 7 of the Dungeon)

   rF:        It protects you from fire.
   rCorr:     It protects you from acid and corrosion.
Jewellery
 g - a ring of flight (left hand)
 h - an amulet of guardian spirit (around neck)
 x - an amulet of regeneration
 y - a ring of willpower (right hand)
 A - a ring of protection from fire
Wands
 f - a wand of paralysis (4)
 j - a wand of polymorph (11)
 n - a wand of light (16)
 I - a wand of flame (13)
Scrolls
 e - 3 scrolls of teleportation
 k - a scroll of identify
 r - 2 scrolls of fear
 t - 2 scrolls of silence
 z - a scroll of blinking
Potions
 c - 4 potions of curing
 p - 3 potions of lignification {unknown}
 u - a potion of brilliance {unknown}
 F - a potion of haste {unknown}
 H - a potion of cancellation {unknown}


   Skills:
 + Level 6.3 Fighting
 - Level 6.7(8.7) Axes
 - Level 7.0(8.2) Maces & Flails
 * Level 2.4(4.4) Staves
 * Level 4.1 Throwing
 * Level 7.8 Armour
 + Level 2.8 Dodging
 + Level 0.7 Stealth
 + Level 0.1 Evocations


You had 8 spell levels left.
You didn't know any spells.
Your spell library was empty.

Dungeon Overview and Level Annotations

Branches:
Dungeon (7/15)             Temple (0/1) D:5

Altars:
Ru
Lugonu

Shops:
D:1 [   D:6 (

Portals:
Abyss: D:5


Message History

You are exhausted.
You feel yourself slow down.
A water moccasin comes into view.
You see here a scroll of enchant armour.
Found a stone staircase leading up.
Found 10 gold pieces.
You see here 13 gold pieces.
The water moccasin bites you.
You are poisoned.
The water moccasin poisons you! The water moccasin bites you.
You are more poisoned.
The water moccasin poisons you!
You hit the water moccasin but do no damage.
Your +0 spectral quarterstaff hits the water moccasin!!
* * * LOW HITPOINT WARNING * * *
You feel extremely sick. The water moccasin closely misses you.
The water moccasin barely misses you. The water moccasin bites you.
* * * LOW HITPOINT WARNING * * *
You are more poisoned.
The water moccasin poisons you!
You're still recovering from your berserk rage.
Your skin crawls.
You feel strong-willed.
* * * LOW HITPOINT WARNING * * *
You feel extremely sick.
The water moccasin bites you but does no damage.
The water moccasin closely misses you.
You hit the water moccasin.
The water moccasin is almost dead.
Your +0 spectral quarterstaff closely misses the water moccasin.
You feel the effects of Trog's Hand fading.
* * * LOW HITPOINT WARNING * * *
You feel very sick. The water moccasin closely misses you.
The water moccasin bites you but does no damage.
You barely miss the water moccasin.
The water moccasin is almost dead.
Your +0 spectral quarterstaff completely misses the water moccasin.
You die...

###.##### .......
#####.....
.$......###########
#########.....))......#
<............########.#
............# #.#
.#.###........# #.#
.......$@(..?.# #.#
.......#S###..# #.#
.#.#####......# #.#
#.#.#..########.##
#......#.........# ...
...#.#########
#..$#..#.# .......#.#
#.#


You could see a water moccasin and a friendly +0 spectral quarterstaff
(summoned).

Vanquished Creatures
  Pikel (D:5)
  Prince Ribbit (D:5)
  Sigmund (D:2)
  Menkaure (D:5)
  A water moccasin (D:6)
  An ice beast (D:4)
  2 black bears
  4 orc warriors
  A sky beast (D:6)
  An ogre (D:6)
  A kobold brigand (D:6)
  Blork the orc (D:6)
  2 scorpions
  A necrophage (D:6)
  A howler monkey (D:6)
  2 orc priests (D:6)
  A jelly (D:6)
  4 hounds
  2 iguanas (D:5)
  2 orc wizards
  Natasha (thrice) (D:2)
  Robin (D:4)
  4 adders
  A shadow imp (D:6)
  2 ufetubi
  A worm (D:2)
  3 dart slugs
  13 orcs
  5 endoplasms
  2 giant cockroaches
  11 goblins
  6 hobgoblins
  3 jackals (D:2)
  11 kobolds
  2 quokkas
  6 ball pythons
  4 bats
  3 frilled lizards (D:1)
  6 rats
118 creatures vanquished.

Vanquished Creatures (others)
  A lurking horror (D:5)
1 creature vanquished.

Grand Total: 119 creatures vanquished

Notes
Turn   | Place    | Note
-------+----------+-------------------------------------------
     0 | D:1      | Mickster the Hill Orc Berserker began the quest for the
                  | Orb.
     0 | D:1      | Reached XP level 1. HP: 19/19 MP: 1/1
    95 | D:1      | Found Wimpomm's Armour Shoppe.
   108 | D:1      | Reached XP level 2. HP: 6/27 MP: 2/2
   661 | D:1      | Found a faded altar of an unknown god.
   771 | D:1      | Reached XP level 3. HP: 32/33 MP: 3/3
   836 | D:1      | Reached skill level 5 in Axes
   920 | D:2      | Noticed Sigmund
   942 | D:2      | Killed Sigmund
   943 | D:2      | Reached skill level 1 in Throwing
   943 | D:2      | Reached XP level 4. HP: 12/41 MP: 2/4
   943 | D:2      | Reached XP level 5. HP: 13/47 MP: 2/5
  1275 | D:2      | Noticed Natasha
  1285 | D:2      | Killed Natasha
  1340 | D:2      | Reached ** piety under Trog
  1430 | D:2      | Noticed Natasha
  1437 | D:2      | Killed Natasha
  1438 | D:2      | Reached XP level 6. HP: 53/53 MP: 6/6
  1476 | D:2      | Noticed Natasha
  1489 | D:2      | Killed Natasha
  2837 | D:4      | Noticed Robin
  2856 | D:4      | Killed Robin
  2947 | D:4      | Reached skill level 1 in Staves
  2947 | D:4      | Reached XP level 7. HP: 60/60 MP: 7/7
  3380 | D:4      | Found a sacrificial altar of Ru.
  3450 | D:5      | Entered Level 5 of the Dungeon
  3543 | D:5      | Noticed Pikel
  3568 | D:5      | Killed Pikel
  3569 | D:5      | Reached skill level 5 in Fighting
  3569 | D:5      | Reached skill level 5 in Armour
  3569 | D:5      | Reached XP level 8. HP: 68/68 MP: 6/8
  3919 | D:5      | Found a corrupted altar of Lugonu.
  3919 | D:5      | Found a one-way gate to the infinite horrors of the Abyss.
  4190 | D:5      | Found a staircase to the Ecumenical Temple.
  4207 | D:5      | Noticed Prince Ribbit
  4223 | D:5      | Killed Prince Ribbit
  4224 | D:5      | Reached skill level 5 in Maces & Flails
  4352 | D:5      | Noticed Menkaure
  4363 | D:5      | Killed Menkaure
  4717 | D:6      | Reached XP level 9. HP: 74/74 MP: 7/9
  4966 | D:6      | Found Moogeeci's Antique Weapon Boutique.
  5222 | D:6      | Noticed Blork the orc
  5228 | D:6      | Killed Blork the orc
  5247 | D:6      | Reached *** piety under Trog
  5582 | D:7      | Identified the +1 scale mail of Uskayaw's Generosity {rF+
                  | rCorr}
  5680 | D:7      | HP: 2/77 [poisoned by a water moccasin]
  5681 | D:7      | Succumbed to a water moccasin's poison

Illustrated notes

Levels and vault maps discovered:
D:1:      dpeg_arrival_three_smaller_balls, layout_basic, serial_shops, shop,
          hellmonk_ecumenical_altar_lost_god, chequers_arboretum,
          minmay_indecisive_spiral
D:2:      layout_rooms, uniq_natasha, uniq_sigmund
D:3:      layout_loops_ring
D:4:      layout_loops_ring, nicolae_overflow_crystal_walls,
          kennysheep_generic_room_13, uniq_robin
D:5:      layout_basic, temple_statues, amcnicky_altar_lugonu_corruption,
          uniq_menkaure, uniq_prince_ribbit1, uniq_pikel
D:6:      layout_rooms, serial_shops, nicolae_stop_n_shop_1, uniq_eustachio,
          uniq_blork_the_orc
D:7:      layout_basic

Skill      XL: |  1  2  3  4  5  6  7  8  9 |
---------------+----------------------------+-----
Fighting       | 4 5 6 |  6.3
Axes           | 6 |  6.7
Throwing       | 1 2 3 4 |  4.1
Dodging        | 2 |  2.8
Armour         | 3 5 6 7 |  7.8
Staves         | 1 2 |  2.4
Maces & Flails | 3 5 7 |  7.0
Stealth        | |  0.7
Evocations     | |  0.1

Action                   |  1- 3 |  4- 6 |  7- 9 || total
-------------------------+-------+-------+-------++-------
Melee: Hand axe          |    78 |    33 |    60 ||   171
       Short sword       |     7 |       |       ||     7
       Quarterstaff      |       |    43 |    50 ||    93
       Flail             |       |       |    69 ||    69
Throw: Stone             |     5 |       |       ||     5
Invok: Berserk           |     1 |     3 |     7 ||    11
       Trog's Hand       |       |     2 |     5 ||     7
Evoke: Wand              |       |       |     3 ||     3
  Use: Scroll            |     1 |     6 |     1 ||     8
       Potion            |     1 |     5 |       ||     6
 Stab: Paralysed         |       |       |     2 ||     2
       Invisible         |       |       |     1 ||     1
Armor: Animal skin       |    28 |     7 |       ||    35
       Plate armour      |       |    29 |   150 ||   179
Dodge: Dodged            |    74 |    35 |    88 ||   197
